 Dungeon Crawl Stone Soup version 0.32-a0-520-g344ed53f66 (console) character file.

Game seed: 10184548097943226107

176054 zefi the Unseen (level 18, 0/141 HPs)
             Began as a Gnoll Wanderer on Feb 27, 2024.
             Was an Initiate of Gozag.
             Killed from afar by a salamander tyrant (34 damage)
             ... on level 4 of the Snake Pit.
             The game lasted 01:18:24 (39278 turns).

zefi the Unseen (Gnoll Wanderer)                   Turns: 39278, Time: 01:18:25

Health: 0/141      AC: 25    Str:  7    XL:     18   Next: 12%
Magic:  34/34      EV: 20    Int: 18    God:    Gozag
Gold:   6150       SH: 13    Dex: 18    Spells: 23/42 levels left

rFire   + . .        P - +9 demon blade (flame)
rCold   + . .        C - +0 buckler {AC+3}
rNeg    . . .        S - +5 robe of Night {Dark Will+ SInv}
rPois   +            U - +1 helmet {SInv}
rElec   +            b - +0 cloak
rCorr   +            G - +2 pair of gloves "Xutufog" {Regen+ rCorr}
SInv    +            u - +1 pair of boots
Will    ++...        K - amulet of reflection
Stlth   +++++++      R - ring of poison resistance
HPRegen 1.23/turn    s - +4 ring of protection
MPRegen 0.24/turn

%: reflection
@: mighty, resistant, weakened, gold aura, hasted, studying 3 skills, invisible,
very quick
A: fangs 1, strong nose, distributed training
a: Renounce Religion, Potion Petition, Call Merchant, Bribe Branch


You were on level 4 of the Snake Pit.
You worshipped Gozag.
Gozag was greatly pleased with you.
You visited 5 branches of the dungeon, and saw 27 of its levels.
You also visited: Sewer, Ossuary and Gauntlet.

You collected 13348 gold pieces.
You spent 3262 gold pieces at shops.
You paid 3936 gold pieces to Gozag.

Inventory:

Hand Weapons
 P - a +9 demon blade of flaming (weapon)
Missiles
 y - 6 curare-tipped darts (quivered)
 W - 2 throwing nets
 X - 2 atropa-tipped darts
Armour
 b - a +0 cloak (worn)
 u - a +1 pair of boots (worn)
 C - a +0 buckler of protection (worn)
 G - the +2 pair of gloves "Xutufog" (worn) {Regen+ rCorr}
   (You bought it in a shop on level 8 of the Dungeon)

   Regen+:    It increases your rate of health regeneration.
   rCorr:     It protects you from acid and corrosion.
 S - the +5 robe of Night (worn) {Dark Will+ SInv}
   (You found it in a Gauntlet)

   Dark:      It shrouds the wearer in darkness, reducing the range at which
   they can see and be seen by others.
   Will+:     It increases your willpower.
   SInv:      It lets you see invisible.
 U - a +1 helmet of see invisible (worn)
Jewellery
 h - a ring of willpower
 m - a +6 ring of dexterity
 q - a ring of resist corrosion
 s - a +4 ring of protection (right hand)
 t - a ring of protection from fire
 K - an amulet of reflection (around neck)
 R - a ring of poison resistance (left hand)
Wands
 d - a wand of roots (17)
 l - a wand of light (17)
Scrolls
 f - 12 scrolls of teleportation
 i - 2 scrolls of fear
 o - 2 scrolls of vulnerability
 p - a scroll of summoning
 B - 4 scrolls of torment
 D - 6 scrolls of fog
 E - 2 scrolls of enchant weapon
 F - 3 scrolls of immolation
 H - 2 scrolls of enchant armour
 I - a scroll of poison
 J - 2 scrolls of blinking
 N - 5 scrolls of silence
 T - 3 scrolls of revelation
 Y - 3 scrolls of amnesia
Potions
 a - 5 potions of brilliance
 c - 4 potions of might
 e - 4 potions of attraction
 g - 9 potions of curing
 j - 2 potions of mutation
 k - 5 potions of haste
 n - 3 potions of lignification
 v - 3 potions of enlightenment
 w - 2 potions of cancellation
 z - 6 potions of berserk rage
 A - 8 potions of heal wounds
 L - 2 potions of magic
 M - 6 potions of ambrosia
 Q - a potion of resistance
 V - 2 potions of invisibility
Miscellaneous
 r - a lightning rod (inert)
 x - a phantom mirror
 O - a condenser vane
 Z - a phial of floods


   Skills:
 + Level 12.5 Fighting
 + Level 12.5 Short Blades
 + Level 14.9 Long Blades
 + Level 12.5 Axes
 + Level 12.5 Maces & Flails
 + Level 12.5 Polearms
 + Level 12.5 Staves
 + Level 12.5 Ranged Weapons
 + Level 12.5 Throwing
 + Level 12.5 Armour
 + Level 12.5 Dodging
 + Level 17.0 Stealth
 + Level 14.1 Shields
 + Level 12.5 Unarmed Combat
 + Level 12.9 Spellcasting
 + Level 10.6 Conjurations
 + Level 10.6 Hexes
 + Level 10.6 Summonings
 + Level 11.3 Necromancy
 + Level 10.6 Translocations
 + Level 10.6 Fire Magic
 + Level 10.6 Ice Magic
 + Level 10.6 Air Magic
 + Level 10.6 Earth Magic
 + Level 10.6 Alchemy
 + Level 13.6 Invocations
 + Level 12.9 Evocations
 + Level 11.5 Shapeshifting


You had 23 spell levels left.
You knew the following spells:

 Your Spells              Type           Power      Damage    Failure   Level
a - Necrotise             Necr           100%       1d9       1%          1
b - Borgnjor's Vile Clut  Necr/Erth      25%        N/A       2%          5
c - Sticky Flame          Fire/Alch      50%        2d9       1%          4
d - Summon Forest         Summ/Tloc      25%        N/A       2%          5
e - Dispel Undead         Necr           51%        3d19      1%          4

Your spell library contained the following spells:

 Spells                   Type           Power      Damage    Failure   Level
 Apportation              Tloc           100%       N/A       1%          1
 Kiss of Death            Conj/Necr      100%       2d13      1%          1
 Magic Dart               Conj           100%       1d8       1%          1
 Call Imp                 Summ           100%       N/A       1%          2
 Cigotuvi's Dreadful Rot  Necr/Alch/Air  100%       N/A       1%          2
 Jinxbite                 Hex            100%       N/A       1%          2
 Searing Ray              Conj           100%       2d8       1%          2
 Sublimation of Blood     Necr           51%        N/A       1%          2
 Confusing Touch          Hex            50%        N/A       1%          3
 Dazzling Flash           Conj/Hex       100%       N/A       1%          3
 Tukima's Dance           Hex            50%        N/A       1%          3
 Vampiric Draining        Necr           51%        2d9       1%          3
 Volatile Blastmotes      Fire/Tloc      100%       2d18      1%          3
 Brom's Barrelling Bould  Conj/Erth      50%        2d7       1%          4
 Dimensional Bullseye     Hex/Tloc       25%        N/A       1%          4
 Fulminant Prism          Conj/Alch      25%        3d14      1%          4
 Ignite Poison            Fire/Alch      50%        N/A       1%          4
 Iskenderun's Mystic Bla  Conj/Tloc      50%        2d11      1%          4
 Martyr's Knell           Necr/Summ      50%        N/A       1%          4
 Vhi's Electric Charge    Tloc/Air       100%       N/A       1%          4
 Curse of Agony           Necr           51%        N/A       1%          5
 Alistair's Intoxication  Alch           33%        N/A       2%          5
 Arcjolt                  Conj/Air       25%        1d35      2%          5
 Fireball                 Conj/Fire      25%        3d11      2%          5
 Iskenderun's Battlesphe  Conj           50%        2d10      2%          5
 Yara's Violent Unravell  Hex/Alch       25%        3d11      2%          5
 Bombard                  Conj/Erth      25%        9d5       14%         6
 Conjure Ball Lightning   Conj/Air       25%        3x3d7     14%         6
 Eringya's Noxious Bog    Alch           25%        4d6       14%         6
 Starburst                Conj/Fire      25%        6d8       14%         6
 Enfeeble                 Hex            25%        N/A       63%         7
 Orb of Destruction       Conj           25%        9d9       63%         7
 Spellforged Servitor     Conj/Summ      25%        N/A       63%         7
 Summon Hydra             Summ           25%        N/A       63%         7
 Ignition                 Fire           25%        3d8       99%         8
 Maxwell's Capacitive Co  Air            25%        ∞         99%         8


Dungeon Overview and Level Annotations

Branches:
Dungeon (15/15)            Temple (1/1) D:4            Lair (5/5) D:8
 Shoals (0/4) Lair:2        Snake (4/4) Lair:2        Slime (0/5) Lair:5
    Orc (2/2) D:10            Elf (0/3) Orc:2        Vaults (0/5) D:13
 Depths (0/4) D:15          Sewer (visited)         Ossuary (visited)
Gauntlet (visited)

Altars:
Ashenzari
Cheibriados
Dithmenos
Elyvilon
Fedhas
Gozag
Hepliaklqana
Kikubaaqudgha
Makhleb
Nemelex Xobeh
Okawaru
Qazlal
Ru
Sif Muna
Trog
Uskayaw
Vehumet
Wu Jian
Xom
Yredelemnul
Zin
The Shining One
Beogh
Jiyva

Shops:
D:8 [((   D:9 *   D:11 *   Orc:2 [(:(   Snake:4 :

Annotations:
D:13 2 transporters, IdlyInterested's ghost, journeyman DsFi
D:14 exclusion: 2 oklob plants


Innate Abilities, Weirdness & Mutations

You have very sharp teeth.
Your uncanny sense of smell can sniff out nearby items.
Your experience applies equally to all skills.


Message History

Aiming: Borgnjor's Vile Clutch (mildly dangerous; 2% risk of failure)
Press: ? - help, Shift-Dir - straight line, f - salamander tyrant
Aim: a salamander tyrant (lightly wounded, 100% to hit)
Zombie hands grab the salamander tyrant.
The zombie hands constrict the salamander tyrant.
The salamander tyrant gazes fiercely through you!
You feel as though you will be weak longer.
The salamander tyrant hits you.
You are engulfed in flames!
You resist.
* * * LOW HITPOINT WARNING * * *
The zombie hands constrict the salamander tyrant.
The salamander tyrant calls gouts of flame from the lava!
The flame surge hits you! You resist.
* * * LOW HITPOINT WARNING * * *
Things that are here:
20 gold pieces; a +0 short sword
Press: ? - help, v - describe, . - travel
Here: a salamander tyrant (moderately wounded, constricted by zombie hands)
The floor.
Unknown command.
Unknown command.
Unknown command.
Unknown command. [a] - 360 gold - resistance and enlightenment [b] - 891 gold - resistance, invisibility, haste and enlightenment [c] - 528 gold - resistance, might and haste Purchase which effect?
You feel protected.
You feel very mighty all of a sudden.
You feel as though your hastened speed will last longer.
The zombie hands constrict the salamander tyrant. [a] - 644 gold - invisibility, might, curing and magic [b] - 300 gold - brilliance and magic [c] - 360 gold - resistance and enlightenment Purchase which effect?
You fade into invisibility!
You feel mightier all of a sudden.
You feel better. Magic courses through your body.
The zombie hands constrict the salamander tyrant.
The salamander tyrant rends the earth beneath you!
The blast of magma engulfs you!! You partially resist.
You die...
Your body crumbles into a pile of gold.

#######'####.<#####.....####
...####.).......##.))....#
.....#..[........#..)#...#
.....)...)......)#))##...#
#####'###........#..###....
...#...)#........#..#.#.....
...#....#.....#).#..#.#.....
###....##.....#≈≈#..#.##
..#...##......#.@#..#..#
.'#....#......#.≈≈N.#..##
[#.....##.....#$)..##...#
.##.....#.....#....#....#
..#.....#.....##..##....# ####
..#...###...?..####...[.## ##..##
#'#....#.................###.....
.......#.................##......
.......#.....#######........###..


You could see a salamander tyrant (unable to see you, clutched).

Vanquished Creatures
  Vashnia (Snake:4)
  The ghost of MrSquiggles the Warrior, an adept MiFi of Okawaru (Snake:2)
  Gastronok (Lair:1)
  2 orc warlords (Orc:2)
  Nessos (D:14)
  A minotaur (Gauntlet)
  A dire elephant (Lair:5)
  Harold (Lair:2)
  3 hydras
  4 catoblepae
  A death knight (D:13)
  7 two-headed ogres
  4 boulder beetles
  Erica (Lair:1)
  8 centaur warriors
  11 anacondas
  22 death yaks
  A deep troll shaman (Lair:5)
  4 tengu warriors (D:14)
  4 naga sharpshooters
  14 naga warriors
  4 orc high priests
  6 shock serpents
  A hell knight (D:15)
  A deep elf knight (D:14)
  2 sixfirhies (Gauntlet)
  4 salamander mystics
  6 skysharks
  Lodul (D:13)
  6 skeletal warriors
  7 mana vipers
  5 naga ritualists
  A sun moth (shapeshifter) (D:15)
  A bog body (Lair:1)
  A necromancer (D:15)
  9 orc knights
  4 orc sorcerers
  A deep elf pyromancer (D:15)
  An oklob plant (Gauntlet)
  4 ugly things
  28 salamanders
  2 manticores
  7 cyclopes
  A meliai (D:14)
  A worldbinder (Gauntlet)
  8 elephants
  14 naga magi
  2 kobold blastminers
  9 guardian serpents
  Joseph (Lair:1)
  20 black mambas
  Maggie (D:7)
  A torpor snail (Lair:1)
  2 kobold demonologists
  11 cane toads
  5 gargoyles
  6 komodo dragons
  3 minotaur zombies (Gauntlet)
  A freezing wraith (D:12)
  6 rime drakes
  An ice devil (Lair:1)
  6 polar bears
  A hornet (D:10)
  9 trolls
  2 dream sheep (Lair:1)
  5 blink frogs (Lair:5)
  17 slime creatures
  A vampire (D:11)
  A shadow (D:10)
  2 wraiths
  4 wyverns
  3 basilisks
  52 yaks
  16 humans (D:13)
  7 wargs
  4 vampire mosquitoes
  2 steam dragons
  34 nagas
  5 acid dragons
  11 water moccasins
  5 black bears
  48 orc warriors
  A sky beast (D:7)
  3 boggarts (Gauntlet)
  2 crocodiles
  3 laughing skulls (D:14)
  16 ogres
  A phantom (D:7)
  8 centaurs
  37 wolves
  2 elf zombies (Ossuary)
  13 bullfrogs
  5 kobold brigands
  A two-headed ogre simulacrum (Lair:1)
  An entropy weaver simulacrum (Lair:1)
  A scorpion (D:4)
  10 wights
  39 killer bees
  2 howler monkeys
  2 electric eels (Lair:2)
  A lava snake (Snake:1)
  2 centaur zombies (Ossuary)
  4 jellies
  A quasit (D:4)
  A bombardier beetle (D:5)
  28 orc priests
  4 gnoll boudas
  A human zombie (Ossuary)
  25 orc wizards
  A sleepcap (D:6)
  Ijyb (D:4)
  Natasha (thrice) (D:3)
  An iguana (D:6)
  7 hell rats
  A polar bear simulacrum (Lair:1)
  A troll simulacrum (Lair:1)
  A spriggan simulacrum (Lair:1)
  7 hound zombies (Ossuary)
  2 mummies (Ossuary)
  Robin (D:4)
  15 gnolls
  5 adders
  A naga simulacrum (Lair:1)
  3 river rats (D:6)
  4 shadow imps
  4 white imps
  6 ufetubi
  4 adder zombies (Ossuary)
  4 dart slugs
  114 orcs
  18 endoplasms
  4 giant cockroaches
  6 gnoll zombies (Ossuary)
  16 goblins
  9 hobgoblins
  2 jackals (D:1)
  29 kobolds
  5 quokkas
  5 ball pythons
  2 bats
  4 frilled lizards
  5 jackal zombies (Ossuary)
  6 kobold zombies (Ossuary)
  4 orc zombies (Ossuary)
  14 rats
1052 creatures vanquished.

Vanquished Creatures (collateral kills)
  An ettin (D:15)
  The ghost of DeathSocks the Fighter, a novice MiMo of Beogh (D:11)
  A dancing weapon (Snake:2)
  2 orc high priests (Orc:2)
  7 orc warriors (Orc:2)
  A kobold brigand (D:6)
  8 orc priests (Orc:2)
  12 orcs (Orc:2)
  4 kobolds (D:6)
37 creatures vanquished.

Vanquished Creatures (others)
  A manticore (D:12)
  A naga (Snake:2)
  A snaplasher vine (Snake:2)
3 creatures vanquished.

Grand Total: 1092 creatures vanquished

Notes
Turn   | Place    | Note
-------+----------+-------------------------------------------
     0 | D:1      | zefi the Gnoll Wanderer began the quest for the Orb.
     0 | D:1      | zefi set off with the following items: a +2 falchion, a +0
                  | cloak, a potion of might, a +0 robe; and the following
                  | spells available to memorise: Sublimation of Blood,
                  | Cigotuvi's Dreadful Rot.
     0 | D:1      | Reached XP level 1. HP: 13/13 MP: 4/4
   119 | D:1      | Reached XP level 2. HP: 15/19 MP: 5/5
   407 | D:1      | Reached XP level 3. HP: 24/25 MP: 7/7
   815 | D:2      | Reached skill level 1 in Invocations
   988 | D:2      | Reached skill level 1 in Fighting
   988 | D:2      | Reached skill level 1 in Short Blades
   988 | D:2      | Reached skill level 1 in Axes
   988 | D:2      | Reached skill level 1 in Maces & Flails
   988 | D:2      | Reached skill level 1 in Polearms
   988 | D:2      | Reached skill level 1 in Staves
   988 | D:2      | Reached skill level 1 in Ranged Weapons
   988 | D:2      | Reached skill level 1 in Throwing
   988 | D:2      | Reached skill level 1 in Armour
   988 | D:2      | Reached skill level 1 in Dodging
   988 | D:2      | Reached skill level 1 in Shields
   988 | D:2      | Reached skill level 1 in Unarmed Combat
  1113 | D:2      | Reached skill level 1 in Shapeshifting
  1113 | D:2      | Reached XP level 4. HP: 29/32 MP: 8/8
  1552 | D:1      | Reached skill level 1 in Conjurations
  1552 | D:1      | Reached skill level 1 in Hexes
  1552 | D:1      | Reached skill level 1 in Summonings
  1552 | D:1      | Reached skill level 1 in Translocations
  1552 | D:1      | Reached skill level 1 in Fire Magic
  1552 | D:1      | Reached skill level 1 in Ice Magic
  1552 | D:1      | Reached skill level 1 in Air Magic
  1552 | D:1      | Reached skill level 1 in Earth Magic
  1552 | D:1      | Reached skill level 1 in Alchemy
  1563 | D:1      | Learned a level 1 spell: Necrotise
  1797 | D:2      | Reached XP level 5. HP: 31/37 MP: 6/9
  2584 | D:3      | Found a faded altar of an unknown god.
  2663 | D:3      | Noticed Natasha
  2825 | D:3      | Killed Natasha
  2902 | D:3      | Identified the +2 spear "Giciko" {holy, +Blink rPois rCorr
                  | Stlth+}
  2959 | D:3      | Noticed Natasha
  2975 | D:3      | Killed Natasha
  2976 | D:3      | Reached XP level 6. HP: 26/44 MP: 9/11
  3748 | D:4      | Noticed Robin
  3881 | D:3      | Reached XP level 7. HP: 15/50 MP: 12/12
  3974 | D:3      | Noticed Natasha
  3985 | D:3      | Killed Natasha
  4343 | D:4      | Found a staircase to the Ecumenical Temple.
  4417 | Temple   | Entered the Ecumenical Temple
  4432 | Temple   | Became a worshipper of Gozag Ym Sagoz the Greedy
  4493 | D:4      | Found a shimmering blue altar of Sif Muna.
  4498 | D:4      | Noticed Ijyb
  4590 | D:4      | Killed Robin
  4781 | D:4      | Found a burning altar of Makhleb.
  4781 | D:4      | Found a broken altar of Ashenzari.
  4782 | D:4      | Found a radiant altar of Vehumet.
  5020 | D:4      | Killed Ijyb
  5021 | D:4      | Reached skill level 5 in Stealth
  5185 | D:5      | Entered Level 5 of the Dungeon
  5410 | D:5      | Found a shadowy altar of Dithmenos.
  5410 | D:5      | Found a sacrificial altar of Ru.
  5411 | D:5      | Found a blossoming altar of Fedhas.
  5687 | D:5      | Reached XP level 8. HP: 50/58 MP: 14/14
  6921 | D:6      | Found a glowing drain.
  6928 | Sewer    | Entered a sewer
  7405 | Sewer    | Reached skill level 5 in Necromancy
  7688 | D:6      | Reached XP level 9. HP: 63/65 MP: 16/16
  7989 | D:6      | Reached skill level 5 in Spellcasting
  8103 | D:6      | Reached skill level 6 in Stealth
  8103 | D:6      | Reached skill level 5 in Evocations
  8111 | D:6      | Found a glowing golden altar of the Shining One.
  8407 | D:7      | Noticed Maggie
  8421 | D:7      | Killed Maggie
  8505 | D:7      | Reached skill level 5 in Invocations
  8605 | D:7      | Found a sand-covered staircase.
  8634 | Ossuary  | Entered an ossuary
  9255 | D:7      | Reached skill level 5 in Fighting
  9255 | D:7      | Reached skill level 5 in Short Blades
  9255 | D:7      | Reached skill level 5 in Axes
  9255 | D:7      | Reached skill level 5 in Maces & Flails
  9255 | D:7      | Reached skill level 5 in Polearms
  9255 | D:7      | Reached skill level 5 in Staves
  9255 | D:7      | Reached skill level 5 in Ranged Weapons
  9255 | D:7      | Reached skill level 5 in Throwing
  9255 | D:7      | Reached skill level 5 in Armour
  9255 | D:7      | Reached skill level 5 in Dodging
  9255 | D:7      | Reached skill level 5 in Shields
  9255 | D:7      | Reached skill level 5 in Unarmed Combat
  9255 | D:7      | Reached XP level 10. HP: 66/74 MP: 18/18
  9470 | D:7      | Reached skill level 10 in Long Blades
  9729 | D:7      | Found a shimmering altar of Xom.
  9959 | D:8      | Found a hide-covered altar of Uskayaw.
  9959 | D:8      | Found an ornate altar of the Wu Jian Council.
  9959 | D:8      | Found a basalt altar of Yredelemnul.
 10036 | D:8      | Found a staircase to the Lair.
 10168 | D:8      | Noticed a cyclops
 10599 | D:8      | Killed a cyclops
 10600 | D:8      | Reached skill level 7 in Stealth
 10600 | D:8      | Reached skill level 5 in Shapeshifting
 10878 | D:8      | Noticed a two-headed ogre
 10976 | D:8      | Killed a two-headed ogre
 11341 | D:9      | Reached skill level 5 in Conjurations
 11341 | D:9      | Reached skill level 5 in Hexes
 11341 | D:9      | Reached skill level 5 in Summonings
 11341 | D:9      | Reached skill level 5 in Translocations
 11341 | D:9      | Reached skill level 5 in Fire Magic
 11341 | D:9      | Reached skill level 5 in Ice Magic
 11341 | D:9      | Reached skill level 5 in Air Magic
 11341 | D:9      | Reached skill level 5 in Earth Magic
 11341 | D:9      | Reached skill level 5 in Alchemy
 11368 | D:8      | Reached XP level 11. HP: 19/81 MP: 21/21
 11774 | D:9      | Reached skill level 8 in Stealth
 12505 | D:9      | Found Izog's Assorted Antiques.
 12515 | D:9      | Bought a thick bronze amulet for 130 gold pieces
 12516 | D:9      | Bought a thick ruby amulet for 130 gold pieces
 12517 | D:9      | Bought a thin peridot amulet for 130 gold pieces
 12522 | D:9      | Bought a coppery potion for 23 gold pieces
 12522 | D:9      | Bought a scroll labelled JANA HUUMNADA for 26 gold pieces
 12526 | D:9      | Bought a scroll of fear for 104 gold pieces
 12658 | D:9      | Found a stormy altar of Qazlal.
 12767 | D:10     | Entered Level 10 of the Dungeon
 12773 | D:10     | Noticed a two-headed ogre
 12807 | D:10     | Killed a two-headed ogre
 12888 | D:10     | Found a sparkling altar of Nemelex Xobeh.
 12990 | D:10     | Found a staircase to the Orcish Mines.
 13172 | D:10     | You fall into a shaft and drop 3 floors!
 13216 | D:13     | Noticed a two-headed ogre
 13303 | D:13     | Found a transporter.
 13308 | D:13     | Found a bloodstained altar of Trog.
 13316 | D:13     | Noticed IdlyInterested's ghost (journeyman DsFi)
 13316 | D:13     | Noticed a moth of wrath
 13320 | D:13     | Found a transporter.
 13461 | D:13     | Noticed an orc knight
 13461 | D:13     | Noticed Lodul
 13461 | D:13     | Noticed a death knight
 13461 | D:13     | Noticed a centaur warrior
 13461 | D:13     | Found a gate to the Vaults.
 13491 | D:12     | Noticed a soul eater
 13903 | D:12     | Noticed a manticore
 13916 | D:12     | Killed a manticore
 13935 | D:12     | Reached skill level 9 in Stealth
 14006 | D:12     | Noticed a cyclops
 14027 | D:12     | Killed a cyclops
 14185 | D:12     | Noticed a white ugly thing
 14195 | D:11     | Found Vyexzaaf's General Store.
 14202 | D:11     | Bought a condenser vane for 520 gold pieces
 14202 | D:11     | Bought a scroll of blinking for 97 gold pieces
 14215 | D:11     | Noticed a cyclops
 14220 | D:11     | Killed a cyclops
 14713 | D:10     | Reached XP level 12. HP: 91/91 MP: 23/23
 15271 | D:11     | Found a runed translucent door.
 15273 | D:11     | Noticed DeathSocks's ghost (novice MiMo)
 15528 | D:11     | Identified the +10 scale mail "Keasch Nerghew" {rF+}
 15994 | Lair:1   | Entered Level 1 of the Lair of Beasts
 16050 | Lair:1   | Noticed a death yak
 16051 | Lair:1   | Noticed a death yak
 16057 | Lair:1   | Noticed a catoblepas
 16083 | Lair:1   | Killed a death yak
 16089 | Lair:1   | Noticed a death yak
 16094 | Lair:1   | Noticed a death yak
 16158 | Lair:1   | Reached skill level 10 in Stealth
 16197 | Lair:1   | Noticed Joseph
 16211 | Lair:1   | Killed Joseph
 16544 | Lair:1   | Noticed Erica
 16578 | Lair:1   | Killed Erica
 16629 | Lair:1   | Noticed Sonja
 16630 | Lair:1   | Sonja changed into Sonja the crocodile
 16630 | Lair:1   | Noticed Sonja
 16635 | Lair:1   | Killed Sonja the crocodile
 16711 | Lair:1   | Noticed Gastronok
 16747 | Lair:1   | Learned a level 5 spell: Borgnjor's Vile Clutch
 16777 | Lair:1   | Killed a catoblepas
 17107 | Lair:1   | Killed Gastronok
 17108 | Lair:1   | Reached XP level 13. HP: 83/98 MP: 25/25
 17336 | Lair:1   | Reached skill level 11 in Stealth
 18731 | Lair:2   | Noticed Harold
 19276 | Lair:2   | Found a staircase to the Snake Pit.
 19397 | Lair:2   | Reached skill level 12 in Stealth
 19557 | Lair:2   | Found a staircase to the Shoals.
 20432 | Lair:2   | Killed Harold
 20433 | Lair:2   | Reached skill level 10 in Invocations
 20433 | Lair:2   | Reached XP level 14. HP: 89/108 MP: 27/27
 20691 | Lair:3   | Found a gate leading to a gauntlet.
 20707 | Gauntlet | Entered a Gauntlet
 20707 | Gauntlet | Found a transporter.
 20717 | Gauntlet | Found a transporter.
 20732 | Gauntlet | Found a transporter.
 20737 | Gauntlet | Found a transporter.
 20758 | Gauntlet | Found a transporter.
 20770 | Gauntlet | Found the +5 robe of Night {Dark Will+ SInv}
 20771 | Gauntlet | Found a transporter.
 20783 | Gauntlet | Found a transporter.
 20795 | Gauntlet | Found a transporter.
 20807 | Gauntlet | Found a transporter.
 20819 | Gauntlet | Found a transporter.
 20836 | Gauntlet | Found a transporter.
 20854 | Gauntlet | Found a transporter.
 20856 | Gauntlet | Found a transporter.
 20883 | Gauntlet | Found a transporter.
 20883 | Gauntlet | Found a transporter.
 20903 | Gauntlet | Found a transporter.
 20981 | Gauntlet | Found a transporter.
 21001 | Gauntlet | Found a transporter.
 21141 | Gauntlet | Identified the +1 pair of gloves of the Orange {Will+++
                  | Str+3 Int-3 SInv}
 21297 | Gauntlet | Identified the +2 cloak "Saufah" {Harm rF++ Will- Int+2}
 21635 | Gauntlet | Identified the +10 glaive of Tomorrow {spect, rF+ rC+ rN++
                  | Str-2}
 22665 | Lair:4   | Reached skill level 10 in Spellcasting
 23012 | Lair:4   | You fall into a shaft and drop 1 floor!
 23012 | Lair:5   | Entered Level 5 of the Lair of Beasts
 23056 | Lair:5   | Reached skill level 10 in Evocations
 23195 | Lair:5   | Reached skill level 13 in Stealth
 24693 | Lair:5   | Reached skill level 10 in Fighting
 24693 | Lair:5   | Reached skill level 10 in Short Blades
 24693 | Lair:5   | Reached skill level 10 in Axes
 24693 | Lair:5   | Reached skill level 10 in Maces & Flails
 24693 | Lair:5   | Reached skill level 10 in Polearms
 24693 | Lair:5   | Reached skill level 10 in Staves
 24693 | Lair:5   | Reached skill level 10 in Ranged Weapons
 24693 | Lair:5   | Reached skill level 10 in Throwing
 24693 | Lair:5   | Reached skill level 10 in Armour
 24693 | Lair:5   | Reached skill level 10 in Dodging
 24693 | Lair:5   | Reached skill level 10 in Shields
 24693 | Lair:5   | Reached skill level 10 in Unarmed Combat
 25006 | Lair:5   | Reached XP level 15. HP: 110/115 MP: 29/29
 25042 | Lair:5   | Found a staircase to the Slime Pits.
 25043 | Lair:5   | Found a viscous altar of Jiyva.
 25986 | Lair:5   | Learned a level 4 spell: Sticky Flame
 25992 | Lair:5   | Learned a level 5 spell: Summon Forest
 26132 | D:8      | Bought a pair of smoking gloves for 342 gold pieces
 26132 | D:8      | Identified the +2 pair of gloves "Xutufog" {Regen+ rCorr}
                  | (You bought it in a shop on level 8 of the Dungeon)
 26201 | Orc:1    | Entered Level 1 of the Orcish Mines
 26333 | Orc:1    | Found a roughly hewn altar of Beogh.
 27020 | Orc:2    | Entered Level 2 of the Orcish Mines
 27177 | Orc:2    | Found a roughly hewn altar of Beogh.
 27180 | Orc:2    | Reached skill level 14 in Stealth
 27347 | Orc:2    | Found Baep's Armour Emporium.
 27378 | Orc:2    | Found Ruobim's Weapon Shoppe.
 28012 | Orc:2    | Got the Anthology of Striking
 28038 | Orc:2    | Noticed an orc warlord
 28064 | Orc:2    | Killed an orc warlord
 28212 | Orc:2    | Paralysed by an orc sorcerer for 4 turns
 28482 | Orc:2    | Found a roughly hewn altar of Beogh.
 28482 | Orc:2    | Noticed an orc warlord
 28830 | Orc:2    | Killed an orc warlord
 29069 | Orc:2    | Found Mime's Book Shop.
 29077 | Orc:2    | Bought a manual of Shields for 800 gold pieces
 29133 | Orc:2    | Found Cetwomp's Weapon Shoppe.
 29206 | Orc:2    | Found a staircase to the Elven Halls.
 29423 | D:11     | Killed DeathSocks's ghost
 29732 | D:12     | Reached skill level 10 in Shapeshifting
 30175 | D:13     | Killed Lodul
 30176 | D:13     | Reached skill level 10 in Necromancy
 30250 | D:13     | Identified the +0 leather armour of Detzaib {rC+ Int-5
                  | Dex+5}
 30294 | D:13     | Reached XP level 16. HP: 101/124 MP: 31/31
 30708 | D:13     | Identified a scroll of acquirement
 31278 | D:14     | Reached skill level 15 in Stealth
 32291 | D:14     | Noticed Nessos
 32320 | D:14     | Killed Nessos
 32543 | D:15     | Entered Level 15 of the Dungeon
 32958 | D:15     | Acquired 1085 gold pieces
 33549 | D:15     | Found a staircase to the Depths.
 34068 | Snake:1  | Entered Level 1 of the Snake Pit
 34158 | Snake:1  | Found a basalt altar of Yredelemnul.
 34330 | Snake:1  | Learned a level 4 spell: Dispel Undead
 34641 | Snake:1  | Reached XP level 17. HP: 111/133 MP: 33/33
 34971 | Snake:1  | Reached skill level 10 in Conjurations
 34971 | Snake:1  | Reached skill level 10 in Hexes
 34971 | Snake:1  | Reached skill level 10 in Summonings
 34971 | Snake:1  | Reached skill level 10 in Translocations
 34971 | Snake:1  | Reached skill level 10 in Fire Magic
 34971 | Snake:1  | Reached skill level 10 in Ice Magic
 34971 | Snake:1  | Reached skill level 10 in Air Magic
 34971 | Snake:1  | Reached skill level 10 in Earth Magic
 34971 | Snake:1  | Reached skill level 10 in Alchemy
 35589 | Snake:2  | Reached skill level 16 in Stealth
 36339 | Snake:2  | Found a runed translucent door.
 36340 | Snake:2  | Found a shimmering altar of Xom.
 36340 | Snake:2  | Noticed MrSquiggles's ghost (adept MiFi)
 36428 | Snake:2  | Killed MrSquiggles's ghost
 37665 | Snake:4  | Entered Level 4 of the Snake Pit
 38516 | Snake:4  | Found a snail-covered altar of Cheibriados.
 38565 | Snake:4  | Found Omeehul's Vocational Training.
 38725 | Snake:4  | Bought a manual of Evocations for 960 gold pieces
 38830 | Snake:4  | Reached XP level 18. HP: 141/141 MP: 34/34
 38892 | Snake:4  | Noticed Vashnia
 38897 | Snake:4  | Killed Vashnia
 39249 | Snake:4  | Reached skill level 17 in Stealth
 39278 | Snake:4  | Killed from afar by a salamander tyrant

Illustrated notes

Levels and vault maps discovered:
D:1:      evilmike_arrival_crescent, layout_loops_ring
D:2:      layout_loops_ring, st_stairs_10, minmay_between
D:3:      layout_loops_corners, dreamdust_ecumenical_altar_hidden_monk_grotto,
          supply_closet_lemuel, uniq_natasha
D:4:      layout_rooms, mainiacjoe_overflow_catwalk,
          gammafunk_temple_overflow_claw, minmay_temple_entry_fiery,
          serial_demonic, serial_demonic_e, serial_demonic_d, serial_demonic_f,
          serial_demonic_c, serial_demonic_a, serial_demonic_b, uniq_ijyb,
          uniq_robin
D:5:      layout_basic, grunt_temple_overflow_open
D:6:      layout_loops_ring, tso_oasis_becter, portal_sewer_entry_e,
          kennysheep_nondescript
D:7:      layout_basic, marbit_many_paths,
          nicolae_ossuary_entry_false_entrances, hex_large, uniq_maggie
D:8:      layout_loops_cross, gammafunk_temple_overflow_forgotten,
          chequers_serial_rivers_micro_a, minmay_manual_mess
D:9:      layout_rooms, nicolae_qazlal_style_of_elements, serial_shops,
          nicolae_shop_tiny_waterfront
D:10:     layout_long_grid, lemuel_tele_altar, david_orc_2, roderic_lattice_a
D:11:     layout_irregular_city, ebering_ghost_reflecting_pool, serial_shops,
          shop, serial_column_ruins, column_ruins_hut_ruined,
          column_ruins_open_large, column_ruins_open_medium,
          column_ruins_columns_T, column_ruins_columns_straight,
          column_ruins_open_tiny
D:12:     layout_basic
D:13:     layout_stronghold, david_vaults_3, gammafunk_ghost_wrathful_warriors
D:14:     regret_index_harrowing_hell_hive, layout_loops_corners,
          chequers_serial_rivers_small_b, uniq_nessos
D:15:     hangedman_depths_entry_civil_slaughter, layout_small_grid,
          minmay_misc_feat_doors
Temple:   nicolae_temple_godpark
Lair:1:   dreamdust_isle_of_ice, layout_gridlike, uniq_joseph, uniq_erica,
          uniq_sonja, uniq_gastronok
Lair:2:   layout_long_grid, elwin_shoals_entry_rocks,
          minmay_snake_entry_guardpost_small, nicolae_quartered_pool_super,
          fungi_pond_lemuel, grunt_forest_stairs_basic, fungi_pond_lemuel,
          lemuel_fruit_tree, serial_bayou_shore_a, uniq_harold
Lair:3:   layout_concentric_octagons, gauntlet_entry_generic,
          serial_bayou_pond_c, grunt_megastairs_4
Lair:4:   layout_long_grid, serial_rivers, chequers_serial_rivers_small_3,
          chequers_serial_rivers_marsh, chequers_serial_rivers_small_3,
          chequers_serial_rivers_large_a, chequers_serial_rivers_small_a,
          hangedman_lair_unloving_vines, infiniplex_staircase_pool_2
Lair:5:   grunt_lair_end_beastmaster, layout_loops_ring,
          nicolae_slime_entry_slimehenge, grunt_forest_large_clearing_hut
Snake:1:  layout_onion_interference, basic_altar, drop_trap,
          nicolae_snake_biting_tails, nicolae_snake_salamander_zone
Snake:2:  layout_rooms, ebering_ghost_xom
Snake:3:  layout_grid_shapes
Snake:4:  grunt_snake_rune_serpentine_throne, layout_cave_town, basic_altar,
          nicolae_shop_vocational, uniq_aizul
Orc:1:    layout_caves, bh_open_orc_temple
Orc:2:    pubby_orc_utopia

Skill      XL: |  1  2  3  4  5  6  7  8  9 10 11 12 13 14 15 16 17 18 |
---------------+-------------------------------------------------------+-----
Invocations    | 1 2 3 4 5 6 7 8 10 11 12 13 | 13.6
Fighting       | 1 2 3 5 6 7 8 9 10 11 12 | 12.5
Short Blades   | 1 2 3 5 6 7 8 9 10 11 12 | 12.5
Axes           | 1 2 3 5 6 7 8 9 10 11 12 | 12.5
Maces & Flails | 1 2 3 5 6 7 8 9 10 11 12 | 12.5
Polearms       | 1 2 3 5 6 7 8 9 10 11 12 | 12.5
Staves         | 1 2 3 5 6 7 8 9 10 11 12 | 12.5
Ranged Weapons | 1 2 3 5 6 7 8 9 10 11 12 | 12.5
Throwing       | 1 2 3 5 6 7 8 9 10 11 12 | 12.5
Armour         | 1 2 3 5 6 7 8 9 10 11 12 | 12.5
Dodging        | 1 2 3 5 6 7 8 9 10 11 12 | 12.5
Shields        | 1 2 3 5 6 7 8 9 10 11 12 13 14 | 14.1
Unarmed Combat | 1 2 3 5 6 7 8 9 10 11 12 | 12.5
Spellcasting   | 3 4 5 6 7 8 9 10 11 12 | 12.9
Shapeshifting  | 1 2 3 4 5 6 7 8 9 10 11 | 11.5
Conjurations   | 1 2 3 4 5 6 7 8 9 10 | 10.6
Hexes          | 1 2 3 4 5 6 7 8 9 10 | 10.6
Summonings     | 1 2 3 4 5 6 7 8 9 10 | 10.6
Translocations | 1 2 3 4 5 6 7 8 9 10 | 10.6
Fire Magic     | 1 2 3 4 5 6 7 8 9 10 | 10.6
Ice Magic      | 1 2 3 4 5 6 7 8 9 10 | 10.6
Air Magic      | 1 2 3 4 5 6 7 8 9 10 | 10.6
Earth Magic    | 1 2 3 4 5 6 7 8 9 10 | 10.6
Alchemy        | 1 2 3 4 5 6 7 8 9 10 | 10.6
Evocations     | 3 4 5 6 7 8 9 10 11 12 | 12.9
Necromancy     | 4 5 6 7 8 9 10 11 | 11.3
Stealth        | 5 6 7 9 10 12 13 14 15 16 17 | 17.0
Long Blades    | 9 10 11 12 13 14 | 14.9

Action                     |  1- 3 |  4- 6 |  7- 9 | 10-12 | 13-15 | 16-18 || total
---------------------------+-------+-------+-------+-------+-------+-------++-------
  Melee: Falchion          |    88 |   184 |   503 |   217 |       |       ||   992
         Bite              |     9 |    20 |    67 |   124 |   267 |   185 ||   672
         Scimitar          |       |       |       |   498 |  1602 |   489 ||  2589
         Demon blade       |       |       |       |       |       |   673 ||   673
  Throw: Dart              |       |     1 |    39 |    46 |    38 |       ||   124
   Cast: Necrotise         |       |     4 |     7 |       |       |       ||    11
         Borgnjor's Vile C |       |       |       |       |    26 |    31 ||    57
         Summon Forest     |       |       |       |       |     5 |     3 ||     8
         Sticky Flame      |       |       |       |       |     2 |     6 ||     8
 Invoke: Call Merchant     |       |       |       |       |     3 |       ||     3
         Potion Petition   |       |       |       |       |       |     3 ||     3
  Evoke: Wand              |       |     2 |     2 |     5 |     2 |       ||    11
         Condenser vane    |       |       |       |       |     2 |     1 ||     3
         Lightning rod     |       |       |       |       |       |     4 ||     4
    Use: Scroll            |     2 |     1 |    16 |     7 |     6 |     6 ||    38
         Potion            |       |       |     3 |       |       |     1 ||     4
   Stab: Sleeping          |     9 |     1 |    14 |    11 |    23 |    41 ||    99
         Invisible         |       |     1 |     3 |       |     5 |       ||     9
         Distracted        |       |       |     7 |     6 |    20 |    12 ||    45
         Petrified         |       |       |       |       |    12 |       ||    12
         Petrifying        |       |       |       |       |     1 |       ||     1
 Armour: Robe              |    29 |   122 |   161 |       |       |   301 ||   613
         Acid dragon scale |       |       |    93 |   273 |   642 |   268 ||  1276
         Scale mail        |       |       |       |    95 |       |       ||    95
  Dodge: Dodged            |    37 |    94 |   227 |   276 |   777 |   604 ||  2015
         Repelled          |       |     3 |     3 |     6 |     6 |    36 ||    54
  Block: Buckler           |       |       |    94 |   318 |   963 |   668 ||  2043
         Reflection        |       |       |       |     5 |    16 |    41 ||    62

Table legend: (Time is in decaauts)
 A = Elapsed time spent in this place.
 B = Non-inter-level travel time spent in this place.
 C = Inter-level travel time spent in this place.
 D = Time resting spent in this place.
 E = Time spent auto-exploring this place.
 F = Levels seen in this place.
 G = Mean time per level.
                   A        B        C        D        E       F      G
               +--------+--------+--------+--------+--------+-----+--------+
         Total |  38612 |  36655 |   1957 |   6117 |  21081 |  30 | 1287.1 |
       Dungeon |  19768 |  18430 |   1338 |   3684 |  10236 |  15 | 1317.9 |
        Temple |     30 |      2 |     28 |      0 |      0 |   1 |   30.0 |
          Lair |   8851 |   8477 |    374 |   1573 |   4671 |   5 | 1770.2 |
     Snake Pit |   4973 |   4807 |    166 |    530 |   3215 |   4 | 1243.2 |
  Orcish Mines |   3043 |   2995 |     48 |    264 |   1903 |   2 | 1521.5 |
         Sewer |    562 |    562 |      0 |     11 |    321 |   1 |  562.0 |
       Ossuary |    370 |    370 |      0 |      0 |    159 |   1 |  370.0 |
      Gauntlet |   1013 |   1013 |      0 |     54 |    574 |   1 | 1013.0 |
               +--------+--------+--------+--------+--------+-----+--------+

Top non-repeatable levels by time:
  Lair:1: 2450 daAuts
     D:8: 2269 daAuts
   Orc:2: 2234 daAuts
  Lair:5: 2170 daAuts
  Lair:2: 1978 daAuts
    D:14: 1841 daAuts
     D:3: 1807 daAuts
     D:4: 1543 daAuts
 Snake:1: 1445 daAuts
 Snake:4: 1397 daAuts
     D:5: 1361 daAuts
    D:12: 1336 daAuts
    D:10: 1330 daAuts
  Lair:3: 1246 daAuts
     D:6: 1212 daAuts
